 Dungeon Crawl Stone Soup version 0.21.1-1-g345015fe64 (webtiles) character file.

111 Kejsarherre the Chopper (level 5, 0/38 HPs)
             Began as a Formicid Gladiator on May 12, 2018.
             Killed from afar by an orc wizard (9 damage)
             ... with a magic dart
             ... on level 4 of the Dungeon.
             The game lasted 00:01:30 (806 turns).

Kejsarherre the Chopper (Formicid Gladiator)         Turns: 806, Time: 00:01:30

Health: 0/38       AC:  3    Str: 19    XL:     5   Next: 15%
Magic:  5/5        EV: 11    Int:  8    God:
Gold:   28         SH:  3    Dex: 12    Spells: 4/4 levels left

rFire    . . .     SeeInvis +   a - +0 war axe
rCold    . . .     Gourm    .   e - +0 buckler
rNeg     . . .     Faith    .   b - +0 leather armour
rPois    .         Spirit   .   (helmet unavailable)
rElec    .         Reflect  .   (no cloak)
rCorr    .         Harm     .   (no gloves)
MR       .....                  (no boots)
Stlth    +.........             (no amulet)
HPRegen  0.12/turn              (no ring)
MPRegen  0.09/turn              (no ring)

@: no status effects
A: permanent stasis, dig shafts and tunnels, four strong arms, antennae 3
a: Dig, Shaft Self


You were on level 4 of the Dungeon.
You were not hungry.

You visited 1 branch of the dungeon, and saw 4 of its levels.

You collected 28 gold pieces.

Inventory:

Hand Weapons
 a - a +0 war axe (weapon)
Missiles
 c - 2 throwing nets (quivered)
Armour
 b - a +0 leather armour (worn)
 e - a +0 buckler (worn)
Scrolls
 i - a scroll of identify
Potions
 f - a potion of invisibility {unknown}
 g - 3 potions of agility
 h - a potion of curing {unknown}
 j - a potion of haste {unknown}
Comestibles
 d - 2 rations


   Skills:
 + Level 2.2 Fighting
 + Level 5.4 Axes
 - Level 2.0 Throwing
 - Level 2.6 Dodging


You had 4 spell levels left.
You didn't know any spells.

Dungeon Overview and Level Annotations

Branches:
Dungeon (4/15)
 Temple: D:4-7

Altars:
The Shining One


Innate Abilities, Weirdness & Mutations

You cannot be hasted, slowed, berserked, paralysed or teleported.
You can dig through walls and to a lower floor.
Your four strong arms can wield two-handed weapons with a shield.
You have a pair of large antennae on your head. (SInv)


Message History

You hit the orc wizard but do no damage.
The orc wizard barely misses you.
The orc wizard points at you and mumbles some strange words.
The puff of flame hits you!
You hit the orc wizard.
The orc wizard is moderately wounded.
The orc wizard hits you but does no damage.
The orc wizard casts a spell at you. The magic dart hits you!
* * * LOW HITPOINT WARNING * * *
Your shield prevents you from hitting the orc wizard.
The orc wizard is moderately wounded.
The orc wizard hits you with a dagger.
* * * LOW HITPOINT WARNING * * *
You hit the orc wizard.
The orc wizard is severely wounded.
The orc wizard barely misses you.
The orc wizard points at you and mumbles some strange words.
The magic dart hits you!
You die...

.. ##..... ... ..... #..
.... .. #.. #..###... #..
#........
#..#+#.........# ....
#..............#
....##..o...####....#
.....#..@###...#....#####
...#....##...#....##...
#.#...#.#...#....##...
#......##...#....##...
#......##...#......<..
#...........#.....#...
#...........#.....#.## {
#.##...(..........#.#.
#.##.#..............#.


You could see an orc wizard.

Vanquished Creatures
  An ogre (D:4)
  An adder (D:2)
  A worm (D:4)
  2 dart slugs
  3 leopard geckos
  An orc (D:4)
  A giant cockroach (D:2)
  2 goblins
  2 hobgoblins (D:1)
  2 rats
16 creatures vanquished.

Vanquished Creatures (others)
  A frilled lizard (D:1)
1 creature vanquished.

Grand Total: 17 creatures vanquished

Notes
Turn   | Place    | Note
-------+----------+-------------------------------------------
     0 | D:1      | Kejsarherre the Formicid Gladiator began the quest for the Orb.
     0 | D:1      | Reached XP level 1. HP: 16/16 MP: 1/1
   405 | D:2      | Reached XP level 2. HP: 21/22 MP: 2/2
   439 | D:2      | Reached skill level 4 in Axes
   439 | D:2      | Reached XP level 3. HP: 27/27 MP: 3/3
   527 | D:4      | Noticed an ogre
   531 | D:4      | Killed an ogre
   531 | D:4      | Reached skill level 5 in Axes
   531 | D:4      | Reached XP level 4. HP: 31/33 MP: 4/4
   531 | D:4      | Reached XP level 5. HP: 36/38 MP: 5/5
   709 | D:4      | Found a glowing golden altar of the Shining One.
   806 | D:4      | Killed from afar by an orc wizard

Skill      XL: |  1  2  3 |
---------------+----------+-----
Axes           | 4 5 |  5.4
Fighting       | |  2.2
Throwing       | |  2.0
Dodging        | |  2.6

Action                   |  1- 3 |  4- 6 || total
-------------------------+-------+-------++-------
Melee: War axe           |    37 |    11 ||    48
Throw: Throwing net      |     1 |       ||     1
 Abil: Dig               |       |     1 ||     1
  Use: Scroll            |     1 |       ||     1
Armor: Leather armour    |     8 |     1 ||     9
Dodge: Dodged            |    19 |     4 ||    23
Block: Buckler           |     3 |       ||     3
